 Dungeon Crawl Stone Soup version 0.28-a0-1227-ga9037bb4c8 (webtiles) character file.

Game seed: 4340995108838670338

231 ChaosChampion the Insei (level 6, -11/39 HPs)
             Began as an Octopode Transmuter on Dec 22, 2021.
             Was an Initiate of Cheibriados.
             Mangled by an ogre (13 damage)
             ... on level 3 of the Dungeon.
             The game lasted 00:03:35 (3684 turns).

ChaosChampion the Insei (Octopode Transmuter)       Turns: 3684, Time: 00:03:36

Health: -11/39     AC:  1    Str: 10    XL:     6   Next: 4%
Magic:  10/10      EV: 13    Int: 19    God:    Cheibriados [......]
Gold:   96         SH:  0    Dex: 13    Spells: 0/10 levels left

rFire   . . .      SeeInvis .     - Unarmed
rCold   . . .      Faith    .   (no shield)
rNeg    . . .      Spirit   .   (helmet restricted)
rPois   .          Reflect  .   (no amulet)
rElec   .          Harm     .   (no ring)
rCorr   .          Rampage  .   (no ring)
Will    .....                   (no ring)
Stlth   ++........              (no ring)
HPRegen 0.13/turn               (no ring)
MPRegen 0.12/turn               (no ring)
                                (no ring)
                                (no ring)

@: very slow
A: almost no armour, amphibious, 8 rings, camouflage 1, gelatinous body 1,
(nimble swimmer 1), tentacles
a: Renounce Religion


You were on level 3 of the Dungeon.
You worshipped Cheibriados.
Cheibriados was noncommittal.
You visited 1 branch of the dungeon, and saw 4 of its levels.

You collected 96 gold pieces.

Inventory:

Missiles
 a - 25 poisoned darts (quivered)
 j - a throwing net
Jewellery
 d - a +4 ring of evasion
 m - a +4 ring of protection
Scrolls
 b - a scroll of vulnerability {unknown}
 k - a scroll of immolation {unknown}
Potions
 c - 6 potions of curing {unknown}
 e - a potion of magic {unknown}
 f - a potion of attraction {unknown}
 g - a potion of lignification {unknown}
 h - 3 potions of degeneration {unknown}
 i - a potion of might {unknown}
 l - a potion of berserk rage {unknown}


   Skills:
 - Level 1.9 Fighting
 - Level 2.6 Dodging
 * Level 4.1 Unarmed Combat
 + Level 2.9 Spellcasting
 + Level 3.1 Transmutations
 + Level 0.0 Ice Magic
 * Level 2.6 Poison Magic


You couldn't memorise any spells.
You knew the following spells:

 Your Spells              Type           Power      Damage    Failure   Level
a - Beastly Appendage     Tmut           28%        N/A       4%          1
b - Wereblood             Tmut           14%        N/A       6%          2
c - Spider Form           Tmut/Pois      13%        N/A       14%         3
d - Ice Form              Ice/Tmut       8%         N/A       63%         4

Your spell library contained the following spells:

 Spells                   Type           Power      Damage    Failure   Level
 Animate Skeleton         Necr           4%         N/A       16%         1
 Pain                     Necr           8%         1d4       16%         1
 Scorch                   Fire           4%         2d5       24%         2
 Vampiric Draining        Necr           2%         2d6       43%         3
 Flame Wave               Conj/Fire      2%         2d4       83%         4
 Summon Cactus Giant      Summ           1%         N/A       100%        6


Dungeon Overview and Level Annotations

Branches:
Dungeon (4/15)
 Temple: D:4-7

Altars:
Ashenzari
Cheibriados
Dithmenos
Gozag
Makhleb
Okawaru
Ru
Trog
Vehumet
The Shining One


Innate Abilities, Weirdness & Mutations

You cannot wear most types of armour.
You are amphibious.
You can wear up to eight rings at the same time.
Your skin changes colour to match your surroundings (Stealth+).
Your rubbery body absorbs attacks. (AC +1, EV +1)
((You are camouflaged when in or above water. (Stealth+)))
You have tentacles for arms and can constrict up to eight enemies at once.


Message History

No target in view!
There is a stone staircase leading down here.
Found a stone staircase leading up.
Done exploring.
No target in view!
Done exploring.
Done exploring.
No target in view!
Done exploring.
No target in view!
This spell is extremely dangerous to cast!
Memorise Ice Form, consuming 4 spell levels and leaving 0?
You start memorising the spell.
You continue memorising. x4
You finish memorising.
Spell assigned to 'd'.
Done exploring.
Done exploring.
Done exploring.
Done exploring.
No target in view!
No target in view!
No target in view!
There is a stone staircase leading down here.
You climb downwards.
Found a steel ring.
There is a stone staircase leading up here.
An ogre comes into view. It is wielding a +0 giant club.
You see here a +4 ring of protection.
m - a +4 ring of protection The ogre hits you with a +0 giant club!!
Ouch! That really hurt!
You are too injured to fight recklessly!
You are too injured to fight recklessly!
The ogre hits you with a +0 giant club.
There is a stone staircase leading up here.
The ogre hits you with a +0 giant club!
* * * LOW HITPOINT WARNING * * *
You climb upwards.
There is a stone staircase leading down here.
The ogre hits you with a +0 giant club!
You die...

...### #.#
#.#################
##.## ##.#
#.#............<...
###.###.##
#.#.###############
...#....# #.#.#
##.##รท#.# #.#.#
......#.# #.#>#
##.####.# #.#.#
##.####.# #.#O#
........# #.@.#
##.###### ##### #.#
##.# ...# ####


You could see an ogre.

Vanquished Creatures
  A bullfrog skeleton (D:3)
  A centaur skeleton (D:3)
  7 adders
  4 gnolls
  A dart slug (D:1)
  7 endoplasms
  5 giant cockroaches
  9 goblins
  4 hobgoblins
  4 jackals
  5 quokkas
  2 ball pythons (D:1)
  3 bats
  2 frilled lizards
  10 kobolds
  6 rats
71 creatures vanquished.

Notes
Turn   | Place    | Note
-------+----------+-------------------------------------------
     0 | D:1      | ChaosChampion the Octopode Transmuter began the quest for
                  | the Orb.
     0 | D:1      | Reached XP level 1. HP: 13/13 MP: 3/3
   229 | D:1      | Reached XP level 2. HP: 18/18 MP: 5/5
   447 | D:1      | Reached XP level 3. HP: 7/23 MP: 4/6
   915 | D:1      | You fall into a shaft and drop 1 floor!
  1201 | D:2      | Reached XP level 4. HP: 29/29 MP: 7/7
  1256 | D:1      | Found a faded altar of an unknown god.
  1529 | D:1      | Learned a level 2 spell: Wereblood
  1533 | D:1      | Learned a level 3 spell: Spider Form
  2058 | D:2      | Reached skill level 1 in Poison Magic
  2066 | D:2      | Reached XP level 5. HP: 23/34 MP: 8/8
  2825 | D:3      | Reached skill level 4 in Unarmed Combat
  3160 | D:3      | Found a bloodstained altar of Trog.
  3171 | D:3      | Found an opulent altar of Gozag.
  3171 | D:3      | Found a broken altar of Ashenzari.
  3171 | D:3      | Found a radiant altar of Vehumet.
  3172 | D:3      | Found a sacrificial altar of Ru.
  3172 | D:3      | Found a shadowy altar of Dithmenos.
  3173 | D:3      | Found a snail-covered altar of Cheibriados.
  3174 | D:3      | Found a burning altar of Makhleb.
  3174 | D:3      | Found an iron altar of Okawaru.
  3175 | D:3      | Found a glowing golden altar of the Shining One.
  3182 | D:3      | Became a worshipper of Cheibriados the Contemplative
  3316 | D:3      | Reached XP level 6. HP: 25/39 MP: 10/10
  3653 | D:3      | Learned a level 4 spell: Ice Form
  3680 | D:4      | HP: 1/39 [ogre (12)]
  3684 | D:3      | Mangled by an ogre

Illustrated notes

Levels and vault maps discovered:
D:1:      dpeg_arrival_castle, layout_loops_ring,
          hellmonk_ecumenical_altar_heavens_door
D:2:      layout_basic
D:3:      layout_loops_ring, nicolae_overflows_in_rows, hex_tiny,
          serial_park_tiny_2
D:4:      layout_basic, minivault_4, kennysheep_diamond, hex_medium,
          solitary_fountain, minmay_hedge_maze, uniq_edmund,
          uniq_crazy_yiuf_cottage, uniq_robin

Skill      XL: |  1  2  3  4  5 |
---------------+----------------+-----
Poison Magic   | 1 2 |  2.6
Transmutations | 3 |  3.1
Unarmed Combat | 4 |  4.1
Fighting       | |  1.9
Dodging        | |  2.6
Spellcasting   | |  2.9

Action                   |  1- 3 |  4- 6 || total
-------------------------+-------+-------++-------
Melee: Unarmed           |    75 |    88 ||   163
       Constrict         |    21 |    18 ||    39
       Tentacles         |     9 |    21 ||    30
       Punch             |     2 |     2 ||     4
       Kick              |     4 |     3 ||     7
 Cast: Beastly Appendage |     7 |     6 ||    13
       Wereblood         |       |     2 ||     2
 Stab: Sleeping          |     2 |     4 ||     6
       Distracted        |       |     2 ||     2
Armor: Skin              |     7 |     9 ||    16
Dodge: Dodged            |    43 |    47 ||    90

Table legend: (Time is in decaauts)
 A = Elapsed time spent in this place.
 B = Non-inter-level travel time spent in this place.
 C = Inter-level travel time spent in this place.
 D = Time resting spent in this place.
 E = Time spent auto-exploring this place.
 F = Levels seen in this place.
 G = Mean time per level.
                   A        B        C        D        E       F      G
               +--------+--------+--------+--------+--------+-----+--------+
         Total |   3729 |   3715 |     14 |      6 |   3130 |   4 |  932.2 |
       Dungeon |   3729 |   3715 |     14 |      6 |   3130 |   4 |  932.2 |
               +--------+--------+--------+--------+--------+-----+--------+

Top non-repeatable levels by time:
     D:1: 1410 daAuts
     D:3: 1340 daAuts
     D:2: 962 daAuts
     D:4: 15 daAuts
